 Seeded DCSS version 0.29-a0-732-g3d7fbe0af2 (webtiles) character file.

Game seed: 13349483263370255686 (custom seed)

13322 zeratav the Party-goer (level 12, -2/64 HPs)
             Began as a Vine Stalker Gladiator on June 29, 2022.
             Was a Priest of Uskayaw.
             Slain by a very large slime creature (31 damage)
             ... on level 12 of the Dungeon.
             The game lasted 00:22:15 (10693 turns).

zeratav the Party-goer (Vine Stalker Gladiator)    Turns: 10693, Time: 00:22:16

Health: -2/64      AC:  7    Str: 17    XL:     12   Next: 4%
Magic:  0/29       EV: 18    Int:  8    God:    Uskayaw [***...]
Gold:   662        SH:  0    Dex: 21    Spells: 11/11 levels left

rFire   . . .      SeeInvis +   k - +6 quick blade {shortrare=g}
rCold   . . .      Faith    .   (no shield)
rNeg    . . .      Spirit   +   F - +0 troll leather armour
rPois   .          Reflect  .   c - +0 helmet
rElec   .          Harm     .   Q - scarf {repulsion}
rCorr   .          Rampage  .   I - +0 pair of gloves
Will    +....                   G - +0 pair of boots
Stlth   ++........              T - amulet of regeneration {@e2}
HPRegen 2.60/turn               C - ring of magical power
MPRegen 0.21/turn               R - ring of see invisible

@: repel missiles
A: fangs 3, regeneration 1, magic shield, antimagic bite, no potion heal 2
a: Renounce Religion, Stomp, Line Pass


You were on level 12 of the Dungeon.
You worshipped Uskayaw.
Uskayaw was aware of your devotion.
You visited 2 branches of the dungeon, and saw 13 of its levels.
You also visited: Ossuary.

You collected 662 gold pieces.


Innate Abilities, Weirdness & Mutations

You have razor-sharp teeth.
Your natural rate of healing is unusually fast.
When hurt, damage is shared between your health and your magic reserves.
Your bite disrupts and absorbs the magic of your enemies.
Potions cannot restore your health.


   Skills:
 - Level 8.0 Fighting
 - Level 8.0 Short Blades
 - Level 1.7 Throwing
 + Level 9.5 Dodging
 + Level 10.6 Invocations


You had 11 spell levels left.
You didn't know any spells.
Your spell library contained the following spells:

 Spells                   Type           Power      Damage    Failure   Level
 Blink                    Tloc           0%         N/A       63%         2
 Ensorcelled Hibernation  Hex/Ice        0%         N/A       63%         2
 Passwall                 Tmut/Erth      0%         N/A       63%         2
 Sublimation of Blood     Necr           0%         N/A       63%         2
 Wereblood                Tmut           0%         N/A       63%         2
 Ozocubu's Armour         Ice            0%         N/A       85%         3
 Stone Arrow              Conj/Erth      0%         3d7       85%         3
 Swiftness                Air            0%         N/A       85%         3
 Animate Armour           Summ/Erth      0%         N/A       99%         4
 Manifold Assault         Tloc           0%         N/A       100%        5
 Ozocubu's Refrigeration  Ice            0%         4d5       100%        7
 Storm Form               Tmut/Air       0%         N/A       100%        7
 Summon Hydra             Summ           0%         N/A       100%        7
 Lehudib's Crystal Spear  Conj/Erth      0%         10d2      100%        8

Inventory:

Hand Weapons
 k - a +6 quick blade (weapon) {shortrare=g}
   (You acquired it on level 3 of the Dungeon)
 y - a +4 falchion {long}
   (You took it off a wight on level 7 of the Dungeon)
 D - a +0 triple crossbow {crossbow}
   (You found it on level 8 of the Dungeon)
 U - a +0 scimitar of flaming {long}
   (You took it off an efreet on level 12 of the Dungeon)
Missiles
 d - 3 throwing nets (quivered) {=fthrowing}
 e - a javelin {throwing}
Armour
 c - a +0 helmet (worn)
 F - a +0 troll leather armour (worn)
   (You found it on level 9 of the Dungeon)
 G - a +0 pair of boots (worn)
   (You found it on level 9 of the Dungeon)
 I - a +0 pair of gloves (worn)
   (You found it on level 9 of the Dungeon)
 N - a +1 leather armour of cold resistance
   (You found it on level 10 of the Dungeon)
 O - a +0 cloak
   (You took it off Maurice on level 10 of the Dungeon)
 Q - a scarf of repulsion (worn)
   (You found it on level 11 of the Dungeon)
Jewellery
 n - a ring of fire
   (You found it on level 5 of the Dungeon)
 u - a +6 ring of strength
   (You found it on level 8 of the Dungeon)
 v - a ring of resist corrosion
   (You found it on level 9 of the Dungeon)
 w - a ring of willpower
   (You found it on level 7 of the Dungeon)
 A - a ring of ice
   (You found it on level 7 of the Dungeon)
 C - a ring of magical power (left hand)
   (You found it on level 8 of the Dungeon)
 R - a ring of see invisible (right hand)
   (You found it on level 11 of the Dungeon)
 T - an amulet of regeneration (around neck) {@e2}
   (You found it on level 11 of the Dungeon)
Wands
 t - a wand of flame (8)
   (You took it off Pikel on level 5 of the Dungeon)
 x - a wand of acid (3)
   (You found it on level 7 of the Dungeon)
 H - a wand of iceblast (3)
   (You found it on level 9 of the Dungeon)
 P - a wand of digging (3)
   (You took it off Maurice on level 10 of the Dungeon)
Scrolls
 a - a scroll of fear
 b - a scroll of brand weapon {unknown}
 f - 5 scrolls of teleportation {@r4}
 g - 2 scrolls of blinking {unknown}
 i - 2 scrolls of identify {@r1}
 m - 2 scrolls of poison {!r}
 s - a scroll of summoning
 J - 2 scrolls of enchant armour {unknown}
 K - 2 scrolls of torment {unknown}
 S - a scroll of amnesia {unknown}
Potions
 h - 15 potions of curing {@q1}
 j - 2 potions of brilliance
 l - 4 potions of haste {@q3}
 o - 3 potions of flight {unknown}
 p - a potion of cancellation {unknown}
 q - 4 potions of attraction {unknown}
 r - 3 potions of invisibility {unknown}
 B - a potion of lignification {unknown}
 E - a potion of mutation {!q}
 L - a potion of might {unknown}
Miscellaneous
 z - a phial of floods (inert)
   (You found it on level 7 of the Dungeon)
 M - a box of beasts
   (You found it on level 10 of the Dungeon)

Dungeon Overview and Level Annotations

Branches:
Dungeon (12/15) Zot: 26739  Temple (1/1) D:6 Zot: 5804    Lair (0/6) D:11
    Orc (0/2) D:9         Ossuary (visited)

Altars:
Ashenzari
Cheibriados
Dithmenos
Elyvilon
Fedhas
Gozag
Hepliaklqana
Kikubaaqudgha
Makhleb
Nemelex Xobeh
Okawaru
Qazlal
Ru
Sif Muna
Trog
Uskayaw
Vehumet
Wu Jian
Xom
Yredelemnul
Zin
The Shining One
Jiyva

Shops:
D:8 =

Annotations:
D:8 3 runed translucent doors, Patoropollo's ghost, novice MiFi; crusatyr's ghost, novice DsMo; happo123's ghost, novice TrTm
D:11 2 transporters, 3 runed translucent doors

......#............#.#
......#............+.#
......###+##########.#
....[...†.# ..........#
#.......#####+#.
#...............
#...............
#.J@............
##+#####.JJ............
.......................
.......................
....######+###H........
... #.......## . ......
.... .


You could see a very large slime creature, 2 slime creatures and a manticore.


Message History

You hit the troll. You hit the troll but do no damage. You bite the troll!
You drain its power. The troll closely misses you. The troll claws you.
The troll barely misses you.
HP[-2]
You take 2 damage, and now have 62/64 hp.
You completely miss the troll. Your bite misses the troll.
HP[+1]
You hit the troll but do no damage. You bite the troll.
You kill the troll!
HP[+1]
Your hp is fully restored (64).
No target in view!
No target in view!
No target in view!
No target in view!
No target in view!
No target in view!
No target in view!
No target in view!
No target in view!
No target in view!
No target in view!
No target in view!
No target in view!
No target in view! 2 slime creatures come into view.
A slime creature comes into view.
The slime creature quivers. x2
You see here a +0 dagger {short}.
A slime creature comes into view.
A slime creature comes into view.
The slime creature misses you.
The slime creature completely misses you.
The slime creature quivers.
You hit the slime creature.
You punch the slime creature, but do no damage.
You bite the slime creature, but do no damage.
The slime creature closely misses you. The slime creature misses you.
You hit the slime creature. You bite the slime creature. You drain its power.
Uskayaw will force your foes to helplessly watch your dance.
You puncture the slime creature! You puncture the slime creature!
You bite the slime creature, but do no damage.
The slime creature hits you. The slime creature hits you!
HP[-9] MP[-4]
You take 9 damage, and now have 55/64 hp.
You lost 4 mp, and now have 25/29 mp.
You puncture the slime creature!
You bite the slime creature, but do no damage.
HP[+1]
You puncture the slime creature! You bite the slime creature!
You drain its power.
You feel invigorated.
Uskayaw will force your foes to share their pain.
Uskayaw links your audience in an emotional bond!
HP[+1] MP[+4]
Your mp is fully restored (29).
You hit the slime creature but do no damage.
HP[+1]
You hit the slime creature. You bite the slime creature! You drain its power.
The slime creature hits you.
The slime creature completely misses you.
Two slime creatures merge to form a large slime creature.
MP[-1]
You lost 1 mp, and now have 28/29 mp.
You hit the large slime creature.
You punch the large slime creature, but do no damage.
Your bite misses the large slime creature.
HP[+1]
The slime creature attacks as you move away!
The slime creature barely misses you.
HP[+3]
You regained 3 hp, and now have 62/64 hp.
The slime creature attacks as you move away!
The slime creature barely misses you.
A manticore comes into view.
HP[+2]
Your hp is fully restored (64).
The slime creature attacks as you move away!
The slime creature closely misses you.
The slime creature jiggles.
The slime creature is no longer sharing its pain.
The large slime creature is no longer sharing its pain.
Two slime creatures merge to form a very large slime creature.
The slime creature hits you but does no damage.
MP[+1]
Your mp is fully restored (29).
The very large slime creature attacks as you move away!
The very large slime creature hits you!!!
The slime creature attacks as you move away!
The slime creature hits you!
* * * LOW HITPOINT WARNING * * *
You hear an angry hiss.
The very large slime creature is no longer sharing its pain.
Uskayaw will no longer force your foes to share their pain.
HP[-35] MP[-18]
You take 35 damage, and now have 29/64 hp.
MASSIVE DAMAGE!! (PAUSE)
You lost 18 mp, and now have 11/29 mp.
The very large slime creature attacks as you move away!
The very large slime creature hits you!!!
You die...

Skill      XL: |  1  2  3  4  5  6  7  8  9 10 11 |
---------------+----------------------------------+-----
Short Blades   | 3 4 5 7 8 |  8.0
Fighting       | 4 6 8 |  8.0
Dodging        | 5 7 9 |  9.5
Invocations    | 4 7 10 | 10.6
Throwing       | |  1.7

Action                   |  1- 3 |  4- 6 |  7- 9 | 10-12 || total
-------------------------+-------+-------+-------+-------++-------
Melee: Rapier            |   111 |    66 |       |       ||   177
       Bite              |    22 |    69 |   105 |   218 ||   414
       Punch             |     1 |     5 |     4 |     9 ||    19
       Dagger            |       |    40 |       |       ||    40
       Quick blade       |       |   110 |   312 |   547 ||   969
Throw: Throwing net      |       |       |     1 |     1 ||     2
Invok: Line Pass         |       |       |     2 |    12 ||    14
Evoke: Wand              |       |       |       |     4 ||     4
       Phial of floods   |       |       |       |     1 ||     1
  Use: Scroll            |       |     5 |     6 |     5 ||    16
 Stab: Distracted        |     1 |       |       |       ||     1
       Sleeping          |       |     3 |       |     3 ||     6
       Paralysed         |       |       |     5 |    28 ||    33
       Confused          |       |       |     2 |     5 ||     7
Armor: Leather armour    |    41 |    41 |    24 |     9 ||   115
       Troll leather arm |       |       |       |    19 ||    19
Dodge: Dodged            |    69 |    85 |    85 |   228 ||   467

Levels and vault maps discovered:
D:1:      mushboom_english_gardens, layout_basic,
          hellmonk_ecumenical_altar_slurped_away, chequers_mini_garden,
          kennysheep_pointless_box
D:2:      layout_loops_ring
D:3:      minmay_angry_zag, layout_loops_corners, lemuel_coloured_pillars_altar,
          saegor_snake_ambush
D:4:      layout_rooms, nicolae_ossuary_entry_plus
D:5:      layout_rooms, uniq_pikel
D:6:      layout_loops_ring, temple_pool_b
D:7:      layout_loops_ring, nicolae_water_bricks, dk_noncrumbling_3
D:8:      layout_gridville, marbit_many_paths, kennysheep_slug_shrine,
          old_standard_altar, serial_shops, shop, serial_undead,
          serial_undead_b, serial_undead_f, serial_undead_a, serial_undead_a,
          gammafunk_ghost_cemetery, serial_park_tiny_2
D:9:      layout_rooms, gammafunk_temple_overflow_claw, orc_david_3,
          kennysheep_generic_room_15
D:10:     layout_roguey, uniq_maggie, uniq_maurice
D:11:     gammafunk_jiyva_shrine, layout_cave_pools, lair_entry_dummy,
          ploomutoo_gammafunk_ghost_potion_laboratory, led_xom_imps, uniq_grum
D:12:     layout_irregular_city
Temple:   bh_familiar_temple

Notes
Turn   | Place    | Note
-------+----------+-------------------------------------------
     0 | D:1      | zeratav the Vine Stalker Gladiator began the quest for the
                  | Orb.
     0 | D:1      | Reached XP level 1. HP: 11/11 MP: 2/2
     0 | D:1      | magus.rc [v1.9.6]
   110 | D:1      | You add the spells Ozocubu's Armour and Ozocubu's
                  | Refrigeration to your library.
   222 | D:1      | Reached skill level 3 in Short Blades
   289 | D:1      | Reached XP level 2. HP: 13/15 MP: 3/3
   612 | D:1      | Found a faded altar of an unknown god.
  1032 | D:1      | Reached XP level 3. HP: 18/18 MP: 4/4
  1209 | D:2      | You pick up a book of Blood and begin reading...
  1209 | D:2      | You add the spells Sublimation of Blood, Wereblood and
                  | Summon Hydra to your library.
  1267 | D:2      | You add the spells Blink, Manifold Assault and Storm Form
                  | to your library.
  1337 | D:2      | Reached skill level 4 in Short Blades
  2067 | D:1      | Gained mutation: Your natural rate of healing is unusually
                  | fast. [Vine Stalker growth]
  2067 | D:1      | Reached XP level 4. HP: 13/23 MP: 5/5
  2602 | D:3      | Reached skill level 5 in Short Blades
  2604 | D:3      | Reached XP level 5. HP: 15/26 MP: 6/6
  3248 | D:3      | Found a hazy altar of Hepliaklqana.
  3568 | D:3      | Identified a scroll of acquirement
  3571 | D:3      | Acquired a +4 quick blade
  3572 | D:3      | k - a +4 quick blade (weapon) {shortrare=g}
  3614 | D:4      | Reached XP level 6. HP: 24/30 MP: 7/7
  3623 | D:4      | Reached skill level 6 in Short Blades
  3854 | D:4      | Found a sand-covered staircase.
  3860 | Ossuary  | Entered an ossuary
  3965 | Ossuary  | Reached skill level 7 in Short Blades
  3965 | Ossuary  | Reached XP level 7. HP: 34/34 MP: 8/8
  4161 | D:4      | You pick up a book of Armaments and begin reading...
  4161 | D:4      | You add the spells Stone Arrow, Animate Armour and
                  | Lehudib's Crystal Spear to your library.
  4458 | D:5      | Entered Level 5 of the Dungeon
  4458 | D:5      | Noticed Pikel
  4675 | D:5      | Killed Pikel
  4676 | D:5      | Reached skill level 8 in Short Blades
  4676 | D:5      | Reached skill level 4 in Fighting
  4676 | D:5      | Gained mutation: You have razor-sharp teeth. [Vine Stalker
                  | growth]
  4676 | D:5      | Reached XP level 8. HP: 25/42 MP: 9/9
  4839 | D:5      | Reached skill level 5 in Fighting
  5130 | D:5      | Reached skill level 6 in Fighting
  5136 | D:5      | Hit: k) +4 quick blade {shortrare=g}
  5136 | D:5      | Hit: k) +4 quick blade {shortrare=g}
  5137 | D:5      | Hit: k) +4 quick blade {shortrare=g}
  5137 | D:5      | Hit: k) +4 quick blade {shortrare=g}
  5138 | D:5      | Hit: k) +4 quick blade {shortrare=g}
  5138 | D:5      | Hit: k) +4 quick blade {shortrare=g}
  5215 | D:6      | Reached XP level 9. HP: 48/49 MP: 10/10
  5222 | D:6      | Reached skill level 7 in Fighting
  5265 | D:6      | Reached skill level 3 in Dodging
  5290 | D:6      | Found a staircase to the Ecumenical Temple.
  5311 | Temple   | Entered the Ecumenical Temple
  5496 | Temple   | Became a worshipper of Uskayaw the Reveller
  5672 | D:6      | Reached * piety under Uskayaw
  5676 | D:6      | Reached ** piety under Uskayaw
  5761 | D:6      | Reached skill level 1 in Invocations
  5796 | D:6      | You fall into a shaft and drop 2 floors!
  5800 | D:8      | Found a snail-covered altar of Cheibriados.
  5814 | D:8      | Reached *** piety under Uskayaw
  5818 | D:8      | Reached **** piety under Uskayaw
  5873 | D:8      | Reached skill level 2 in Invocations
  6006 | D:8      | Reached skill level 4 in Dodging
  6006 | D:8      | Reached skill level 3 in Invocations
  6021 | D:8      | Reached ***** piety under Uskayaw
  6074 | D:8      | Reached skill level 8 in Fighting
  6119 | D:8      | Found Gurrirr's Jewellery Boutique.
  6158 | D:7      | Reached skill level 4 in Invocations
  6173 | D:7      | Reached skill level 5 in Dodging
  6182 | D:7      | Reached ****** piety under Uskayaw
  6186 | D:7      | Reached XP level 10. HP: 56/56 MP: 14/14
  6292 | D:7      | Reached skill level 5 in Invocations
  7382 | D:8      | Found a runed translucent gate.
  7382 | D:8      | Found a runed translucent gate.
  7390 | D:8      | Found a runed translucent gate.
  7392 | D:8      | Noticed crusatyr's ghost (novice DsMo)
  7392 | D:8      | Noticed Patoropollo's ghost (novice MiFi)
  7392 | D:8      | Noticed happo123's ghost (novice TrTm)
  7573 | D:8      | Reached skill level 6 in Dodging
  7609 | D:8      | Found a burning altar of Makhleb.
  7613 | D:8      | Reached skill level 6 in Invocations
  7775 | D:8      | Found an ornate altar of the Wu Jian Council.
  8042 | D:8      | your +4 quick blade {shortrare=g} glows red for a moment.
  8064 | D:9      | your +5 quick blade {shortrare=g} glows red for a moment.
  8099 | D:9      | Found a staircase to the Orcish Mines.
  8487 | D:9      | Reached skill level 7 in Invocations
  8551 | D:9      | Reached skill level 7 in Dodging
  8597 | D:9      | Found a sparkling altar of Nemelex Xobeh.
  8597 | D:9      | Found a broken altar of Ashenzari.
  8597 | D:9      | Found a bloodstained altar of Trog.
  8849 | D:9      | Reached XP level 11. HP: 60/60 MP: 17/17
  8894 | D:10     | Entered Level 10 of the Dungeon
  8904 | D:10     | You pick up a book of Burglary and begin reading...
  8904 | D:10     | You add the spells Passwall, Ensorcelled Hibernation and
                  | Swiftness to your library.
  8938 | D:10     | Reached skill level 8 in Invocations
  9160 | D:10     | Reached skill level 8 in Dodging
  9204 | D:10     | Noticed a two-headed ogre
  9332 | D:9      | Killed a two-headed ogre
  9392 | D:10     | Noticed Maggie
  9413 | D:10     | Killed Maggie
  9414 | D:10     | Reached skill level 9 in Invocations
  9483 | D:10     | Noticed Maurice
  9505 | D:10     | Killed Maurice
  9765 | D:11     | Noticed a six-headed hydra
  9784 | D:11     | Killed a six-headed hydra
  9899 | D:11     | Found a transporter.
  9904 | D:11     | Noticed a glowing orange brain
  9906 | D:11     | Found a viscous altar of Jiyva.
  9980 | D:11     | Noticed Grum
  9997 | D:11     | Killed Grum
 10038 | D:11     | Found a staircase to the Lair.
 10068 | D:11     | Found a runed translucent gate.
 10069 | D:11     | Found a runed translucent gate.
 10069 | D:11     | Found a runed translucent gate.
 10069 | D:11     | Noticed a white ugly thing
 10070 | D:11     | Noticed a glowing orange brain
 10070 | D:11     | Noticed a white ugly thing
 10071 | D:11     | Noticed a shining eye
 10071 | D:11     | a merfolk changed into a shining eye
 10071 | D:11     | Noticed a red ugly thing
 10074 | D:11     | Noticed a deep troll
 10074 | D:11     | Noticed a white ugly thing
 10074 | D:11     | Noticed a red ugly thing
 10074 | D:11     | Noticed a red ugly thing
 10075 | D:11     | a deep troll changed into a floating eye
 10080 | D:11     | Noticed a swamp dragon
 10080 | D:11     | a floating eye changed into a swamp dragon
 10082 | D:11     | a swamp dragon changed into a tarantella
 10089 | D:11     | Reached skill level 9 in Dodging
 10159 | D:11     | Found a transporter.
 10167 | D:11     | Found a shimmering altar of Xom.
 10179 | D:11     | Reached skill level 10 in Invocations
 10375 | D:12     | Noticed a brown ugly thing
 10417 | D:12     | HP: 15/60 [brown ugly thing (5)]
 10418 | D:12     | Killed a brown ugly thing
 10525 | D:12     | Noticed a cyclops
 10541 | D:12     | Killed a cyclops
 10600 | D:12     | Noticed a manticore
 10612 | D:12     | Killed a manticore
 10653 | D:12     | Reached XP level 12. HP: 64/64 MP: 20/20
 10693 | D:12     | Slain by a very large slime creature

Vanquished Creatures
  A hydra (D:11)
  A two-headed ogre (D:9)
  Pikel (D:5)
  A cyclops (D:12)
  A manticore (D:12)
  Maurice (D:10)
  Maggie (D:10)
  An efreet (D:12)
  2 gargoyles
  An unseen horror zombie (D:8)
  A hornet (D:9)
  3 trolls
  11 yaks
  A shadow (D:11)
  5 vampire mosquitoes (D:11)
  2 wyverns
  Grum (D:11)
  2 water moccasins
  2 orc warriors
  2 ice beasts
  2 hornet zombies (D:8)
  2 sky beasts (D:8)
  A black bear (D:6)
  An ogre (D:6)
  3 centaurs
  4 wolves (D:11)
  2 phantoms
  A lemure (D:3)
  2 gnoll sergeants
  3 necrophages
  A scorpion (D:5)
  2 bullfrogs (D:8)
  23 wights
  9 killer bees
  4 howler monkeys
  An electric eel (D:7)
  A jelly (D:7)
  4 crimson imps (D:11)
  A centaur zombie (Ossuary)
  A human zombie (Ossuary)
  6 hounds
  6 orc priests
  4 iguanas
  A gnoll shaman (D:10)
  5 orc wizards
  2 mummies (Ossuary)
  19 gnolls
  11 adders
  A white imp (D:5)
  2 ufetubi
  2 adder zombies (Ossuary)
  2 worms
  3 dart slugs
  31 orcs
  9 ball pythons
  6 bats
  3 endoplasms
  2 giant cockroaches
  7 goblins
  9 hobgoblins
  6 jackals
  9 kobolds
  3 quokkas
  3 frilled lizards
  9 hobgoblin zombies (Ossuary)
  9 kobold zombies (Ossuary)
  13 orc zombies (Ossuary)
  7 rats
  2 rat zombies (Ossuary)
301 creatures vanquished.

Vanquished Creatures (collateral kills)
  An ugly thing (D:12)
1 creature vanquished.

Vanquished Creatures (others)
  A plant (D:3)
1 creature vanquished.

Grand Total: 303 creatures vanquished

Table legend:
 A = Non-vault XP
 B = Vault XP
 C = Vault XP percentage of total XP
 D = Non-vault monster count
 E = Vault monster count
 F = Vault count percentage of total count
                 A         B        C        D         E       F
            +---------+---------+-------+---------+---------+-------
      Total |   15354 |    3678 |  19.3 |     219 |      82 |  27.2
            +---------+---------+-------+---------+---------+-------
        D:1 |      77 |       2 |   2.5 |      24 |       1 |   4.0
        D:2 |      66 |       0 |   0.0 |      21 |       0 |   0.0
        D:3 |      43 |      99 |  69.7 |      12 |      15 |  55.6
        D:4 |     303 |       0 |   0.0 |      26 |       0 |   0.0
        D:5 |     870 |     586 |  40.2 |      15 |       1 |   6.2
        D:6 |     690 |       0 |   0.0 |      18 |       0 |   0.0
        D:7 |    1203 |       0 |   0.0 |      21 |       0 |   0.0
        D:8 |    1658 |    1184 |  41.7 |      21 |      11 |  34.4
        D:9 |    3140 |     146 |   4.4 |      21 |       4 |  16.0
       D:10 |    2059 |     651 |  24.0 |      20 |       2 |   9.1
       D:11 |    2714 |     840 |  23.6 |       9 |       9 |  50.0
       D:12 |    2531 |       0 |   0.0 |      11 |       0 |   0.0
    Ossuary |       0 |     170 | 100.0 |       0 |      39 | 100.0
            +---------+---------+-------+---------+---------+-------

Illustrated notes

Table legend:
 A = Kills in this place as a percentage of kills in entire the game.
 B = Kills by you in this place as a percentage of kills by you in the entire game.
 C = Kills by friends in this place as a percentage of kills by friends in the entire game.
 D = Other kills in this place as a percentage of other kills in the entire game.
 E = Experience gained in this place as a percentage of experience gained in the entire game.
 F = Experience gained in this place divided by the number of levels of this place that you have seen.
                   A       B       C       D       E      F
               +-------+-------+-------+-------+-------+----------------------
         Total | 100.0 | 100.0 | 100.0 | 100.0 | 100.0 | 1359.4
       Dungeon |  87.0 |  87.0 | 100.0 | 100.0 |  99.1 | 1571.8
       Ossuary |  13.0 |  13.0 |   0.0 |   0.0 |   0.9 | 170.0
               +-------+-------+-------+-------+-------+----------------------

Table legend: (Time is in decaauts)
 A = Elapsed time spent in this place.
 B = Non-inter-level travel time spent in this place.
 C = Inter-level travel time spent in this place.
 D = Time resting spent in this place.
 E = Time spent auto-exploring this place.
 F = Levels seen in this place.
 G = Mean time per level.
                   A        B        C        D        E       F      G
               +--------+--------+--------+--------+--------+-----+--------+
         Total |  10037 |   9541 |    496 |    750 |   6905 |  14 |  716.9 |
       Dungeon |   9656 |   9178 |    478 |    750 |   6633 |  12 |  804.7 |
        Temple |    195 |    178 |     17 |      0 |    170 |   1 |  195.0 |
       Ossuary |    185 |    185 |      0 |      0 |    102 |   1 |  185.0 |
               +--------+--------+--------+--------+--------+-----+--------+

Top non-repeatable levels by time:
     D:1: 1580 daAuts
     D:3: 1226 daAuts
     D:2: 926 daAuts
     D:8: 905 daAuts
     D:7: 862 daAuts
     D:9: 776 daAuts
    D:10: 767 daAuts
     D:6: 685 daAuts
     D:4: 632 daAuts
    D:11: 550 daAuts
     D:5: 482 daAuts
    D:12: 260 daAuts
  Temple: 195 daAuts
 Ossuary: 185 daAuts
